 Seeded DCSS version 0.29.1-15-g9cfb28693d (webtiles) character file.

Game seed: 16245865983455551772 (custom seed)

2 Atreus the Stinger (level 1, 15/15 HPs)
             Began as a Naga Venom Mage on Mar 6, 2023.
             Quit the game on level 1 of the Dungeon.
             The game lasted 00:01:22 (235 turns).

Atreus the Stinger (Naga Venom Mage)                 Turns: 235, Time: 00:01:23

Health: 15/15      AC:  1    Str: 10    XL:     1   Next: 40%
Magic:  3/3        EV:  9    Int: 15    God:
Gold:   2325       SH:  0    Dex: 11    Spells: 3/4 levels left

rFire   . . .      SeeInvis +   c - +0 dagger
rCold   . . .      Faith    .   (no shield)
rNeg    . . .      Spirit   .   a - +0 robe
rPois   +          Reflect  .   (no helmet)
rElec   .          Harm     .   (no cloak)
rCorr   .          Rampage  .   (no gloves)
Will    .....                   (no barding)
Stlth   ++........              (no amulet)
HPRegen 0.05/turn               (no ring)
MPRegen 0.08/turn               (no ring)

@: very slow
A: AC +0, large, see invisible, deformed body, poison resistance, slowness 2,
spit poison 1, naga tail 1
a: Spit Poison


You were on level 1 of the Dungeon.
You visited 1 branch of the dungeon, and saw 1 of its levels.

You collected 2325 gold pieces.

Inventory:

Hand Weapons
 c - a +0 dagger (weapon)
Armour
 a - a +0 robe (worn)
Magical Staves
 e - a staff of poison
Potions
 b - a potion of magic


   Skills:
 - Level 1.5 Dodging
 - Level 3.0 Stealth
 * Level 2.0 Spellcasting
 - Level 1.0 Transmutations
 + Level 4.2 Poison Magic


You had 3 spell levels left.
You knew the following spells:

 Your Spells              Type           Power      Damage    Failure   Level
a - Sting                 Tmut/Pois      36%        1d4       8%          1

Your spell library contained the following spells:

 Spells                   Type           Power      Damage    Failure   Level
 Poisonous Vapours        Pois/Air       14%        N/A       14%         2
 Mephitic Cloud           Conj/Pois/Air  5%         N/A       36%         3
 Olgreb's Toxic Radiance  Pois           14%        N/A       36%         4


Dungeon Overview and Level Annotations

Branches:
Dungeon (1/15)

Altars:


Innate Abilities, Weirdness & Mutations

Your serpentine skin is tough. (AC +0)
You have supernaturally acute eyesight. (SInv)
Armour fits poorly on your strangely shaped body.
Your system is resistant to poisons. (rPois)
You cover ground very slowly.
You can spit poison.
You have a snake-like lower body.


Message History

Press: ? - help, Q - select action, (/) - cycle Shift-Dir - straight line, f - quokka
Aim: a quokka (wandering, hasn't noticed you, 56% to hit)
The sting hits the quokka.
The quokka is poisoned.
The quokka is lightly wounded.
Unknown command.
You barely miss the quokka.
The quokka is lightly wounded.
The quokka bites you.
You hit the quokka.
The quokka is moderately wounded.
The quokka bites you but does no damage.
You closely miss the quokka.
The quokka is heavily wounded.
The quokka barely misses you.
You completely miss the quokka.
The quokka is heavily wounded.
The quokka bites you.
You hit the quokka.
You kill the quokka!
You start resting.
Magic restored.
You start resting.
You start resting.
HP restored.
Found 6 stones.
Found 3 scrolls labelled WAC GOIFOFITOUPLEC.
An endoplasm comes into view.
You see here 3 scrolls labelled WAC GOIFOFITOUPLEC.
d - 3 scrolls labelled WAC GOIFOFITOUPLEC This is a scroll of acquirement!
Something appears before you!
There are no items here.
You see here a staff of poison.
e - a staff of poison Something appears before you!
You now have 1305 gold pieces.
Something appears before you!
You now have 2325 gold pieces (gained 1020).
You aren't carrying any scrolls.
Are you sure you want to abandon this character and quit the game? (Confirm with "yes".)

## #.. #.# #
#.######..##
###.##.#.........
.........#..#....
##.##..@#..# .
#...###J#
#...#(#..
#..##.##.# ...
#..#...#.. ....
##.##...##.## ....
#..#.....#..#.....
#..#.....#..#...
#.............


There were no monsters in sight!

Vanquished Creatures
  A goblin (D:1)
  A quokka (D:1)
2 creatures vanquished.

Notes
Turn   | Place    | Note
-------+----------+-------------------------------------------
     0 | D:1      | Atreus the Naga Venom Mage began the quest for the Orb.
     0 | D:1      | Reached XP level 1. HP: 15/15 MP: 3/3
   227 | D:1      | Identified 3 scrolls of acquirement
   227 | D:1      | Acquired a staff of poison
   231 | D:1      | Acquired 1305 gold pieces
   233 | D:1      | Acquired 1020 gold pieces
   235 | D:1      | Quit the game

Illustrated notes

Levels and vault maps discovered:
D:1:      minmay_arrival_hallway, layout_loops_corners, basic_ecumenical_altar,
          minmay_unequal

Action                   || total
-------------------------++-------
Melee: Dagger            ||     5
 Cast: Sting             ||     2
  Use: Scroll            ||     3
Armor: Robe              ||     1
Dodge: Dodged            ||     1
